 Dungeon Crawl Stone Soup version 0.23-a0-344-ge122d05 (webtiles) character file.

81 Garbasso the Skirmisher (level 4, -2/24 HPs)
             Began as a Vine Stalker Fighter on Oct 19, 2018.
             Slain by an adder (3 damage)
             ... on level 2 of the Dungeon.
             The game lasted 00:03:20 (950 turns).

Garbasso the Skirmisher (Vine Stalker Fighter)       Turns: 950, Time: 00:03:21

Health: -2/24      AC:  6    Str: 19    XL:     4   Next: 42%
Magic:  0/5        EV:  7    Int:  8    God:
Gold:   71         SH:  9    Dex: 14    Spells: 3/3 levels left

rFire    . . .     SeeInvis .   a - +0 war axe
rCold    . . .     Gourm    .   c - +0 shield
rNeg     . . .     Faith    .   n - +0 scale mail
rPois    .         Spirit   +   (no helmet)
rElec    .         Reflect  .   (no cloak)
rCorr    .         Harm     .   (no gloves)
MR       .....                  (no boots)
Stlth    ..........             (no amulet)
HPRegen  0.48/turn              (no ring)
MPRegen  0.09/turn              (no ring)

@: lethally poisoned (-2 -> -6)
A: fangs 2, regeneration 1, magic shield, antimagic bite, no potion heal 3, rot
immunity
a: no special abilities


You were on level 2 of the Dungeon.
You were not hungry.

You visited 1 branch of the dungeon, and saw 2 of its levels.

You collected 71 gold pieces.

Inventory:

Hand Weapons
 a - a +0 war axe (weapon)
 b - a +0 hunting sling
Armour
 c - a +0 shield (worn)
 n - a +0 scale mail (worn)
Jewellery
 m - a +2 ring of strength
Scrolls
 i - 2 scrolls of identify {unknown}
 k - a scroll of fog {unknown}
 l - a scroll of magic mapping {unknown}
Potions
 d - a potion of might
 h - a potion of invisibility {unknown}
 j - 2 potions of degeneration {unknown}
Comestibles
 f - 3 rations
 g - 2 chunks of flesh


   Skills:
 + Level 3.5 Fighting
 * Level 2.9 Axes
 - Level 2.4 Armour
 - Level 0.2 Dodging
 + Level 3.1 Shields


You had 3 spell levels left.
You didn't know any spells.
Your spell library was empty.

Dungeon Overview and Level Annotations

Branches:
Dungeon (2/15)

Altars:


Innate Abilities, Weirdness & Mutations

You have extremely sharp teeth.
Your natural rate of healing is unusually fast.
When hurt, damage is shared between your health and your magic reserves.
Your bite disrupts and absorbs the magic of your enemies.
Potions cannot restore your health.
You are immune to rotting.


Message History

* * * LOW HITPOINT WARNING * * *
You feel sick. The adder barely misses you.
You closely miss the adder.
* * * LOW HITPOINT WARNING * * *
You feel sick. You block the adder's attack. x2
You slash the adder!
The adder is severely wounded.
* * * LOW HITPOINT WARNING * * *
You feel sick. The adder bites you.
* * * LOW HITPOINT WARNING * * *
You are more poisoned.
The adder poisons you! You block the adder's attack.
It was a potion of heal wounds.
That seemed strangely inert.
* * * LOW HITPOINT WARNING * * *
You feel sick. You block the adder's attack. The adder barely misses you.
* * * LOW HITPOINT WARNING * * *
You feel sick.
* * * LOW HITPOINT WARNING * * *
You feel sick. The adder bites you.
You die...

#.........#
#.......%.#
#........?#
#.........#
#.........#
#.........#
#....)....#
#.....S@..#
#.........#
########.##
#################.#
..................#
###################
..# #.# #.#######


You could see an adder.

Vanquished Creatures
  4 adders (D:2)
  An ooze (D:2)
  A dart slug (D:2)
  A ball python (D:1)
  2 giant cockroaches
  7 hobgoblins
  6 jackals (D:2)
  2 bats
  2 frilled lizards (D:2)
  4 goblins (D:2)
  3 kobolds
  6 rats
39 creatures vanquished.

Notes
Turn   | Place    | Note
-------+----------+-------------------------------------------
     0 | D:1      | Garbasso the Vine Stalker Fighter began the quest for the
                  | Orb.
     0 | D:1      | Reached XP level 1. HP: 11/11 MP: 2/2
   221 | D:1      | Reached XP level 2. HP: 16/16 MP: 3/3
   549 | D:2      | Reached XP level 3. HP: 16/20 MP: 4/4
   847 | D:2      | Gained mutation: Your natural rate of healing is unusually
                  | fast. [Vine Stalker growth]
   847 | D:2      | Reached XP level 4. HP: 23/24 MP: 5/5
   949 | D:2      | HP: 1/24 [poisoned by an adder]
   950 | D:2      | Slain by an adder

Vault maps used:
D:1:      sevenhm_arrival_forest_fort_large_3
D:2:      minmay_door_path, first_ration

Skill      XL: |  1  2  3 |
---------------+----------+-----
Axes           | 2 |  2.9
Fighting       | 3 |  3.5
Shields        | 3 |  3.1
Armour         | |  2.4
Dodging        | |  0.2

Action                   |  1- 3 |  4- 6 || total
-------------------------+-------+-------++-------
Melee: War axe           |    85 |    18 ||   103
       Bite              |    26 |     4 ||    30
  Use: Potion            |       |     1 ||     1
Armor: Scale mail        |    33 |     7 ||    40
Dodge: Dodged            |    25 |    10 ||    35
Block: Shield            |    33 |    19 ||    52

Table legend:
 A = Non-vault XP
 B = Vault XP
 C = Vault XP percentage of total XP
 D = Non-vault monster count
 E = Vault monster count
 F = Vault count percentage of total count
                 A         B        C        D         E       F
            +---------+---------+-------+---------+---------+-------
      Total |     115 |       2 |   1.7 |      38 |       1 |   2.6
            +---------+---------+-------+---------+---------+-------
        D:1 |      17 |       0 |   0.0 |      11 |       0 |   0.0
        D:2 |      98 |       2 |   2.0 |      27 |       1 |   3.6
            +---------+---------+-------+---------+---------+-------
